 Dungeon Crawl Stone Soup version 0.25.1-2-g60ff931df9 (webtiles) character file.

Game seed: 11443941111055435229

555 DogServant the Ruffian (level 7, -1/78 HPs)
             Began as a Yellow Draconian Transmuter on Nov 12, 2020.
             Killed from afar by Dowan (19 damage)
             ... with a shard of ice
             ... on level 4 of the Dungeon.
             The game lasted 00:07:31 (4989 turns).

DogServant the Ruffian (DrTm)                       Turns: 4989, Time: 00:07:32

Health: -1/78      AC:  6    Str: 13 (14) XL:     7   Next: 8%
Magic:  2/10       EV: 12    Int: 12 (13) God:
Gold:   191        SH:  0    Dex: 10 (12) Spells: 4/10 levels left

rFire    . . .     SeeInvis .     - Unarmed
rCold    . . .     Gourm    .   (no shield)
rNeg     . . .     Faith    .   (armour unavailable)
rPois    .         Spirit   .   (helmet restricted)
rElec    .         Reflect  .   (no cloak)
rCorr    +         Harm     .   (no gloves)
MR       .....                  (no boots)
Stlth    ..........             (no amulet)
HPRegen  0.23/turn              (no ring)
MPRegen  0.12/turn              (no ring)

@: mighty, berserking (expiring), very quick
A: spit acid, unfitting armour, cold-blooded, acid resistance, AC +6
a: Breathe Acid


You were on level 4 of the Dungeon.
You were very hungry.

You visited 1 branch of the dungeon, and saw 4 of its levels.

You collected 191 gold pieces.

Inventory:

Missiles
 a - 31 arrows
 k - 33 poisoned darts (quivered)
Jewellery
 p - a cursed ring of attention {unknown}
Wands
 q - a wand of polymorph (2)
Scrolls
 d - 2 scrolls of enchant armour
 f - a scroll of teleportation {unknown}
 h - a scroll of enchant weapon {unknown}
 l - a scroll of fog {unknown}
 m - a scroll of remove curse {unknown}
 n - 2 scrolls of identify {unknown}
Potions
 e - a potion of might
 i - a potion of berserk rage
 j - 2 potions of ambrosia {unknown}
 o - a potion of magic {unknown}
Comestibles
 c - 7 rations


   Skills:
 - Level 1.1 Fighting
 - Level 1.7 Dodging
 + Level 6.1 Unarmed Combat
 - Level 2.0 Spellcasting
 + Level 5.6 Transmutations


You had 4 spell levels left.
You knew the following spells:

 Your Spells              Type           Power        Failure   Level  Hunger
a - Beastly Appendage     Tmut           ##....       2%          1    ##.....
b - Sticks to Snakes      Tmut           ##......     4%          2    ###....
c - Spider Form           Tmut/Pois      #.........   26%         3    ####...

Your spell library contained the following spells:

 Spells                   Type           Power        Failure   Level  Hunger
 Ice Form                 Ice/Tmut       #.......     65%         4    #####..
 Blade Hands              Tmut           ##........   58%         5    ######.


Dungeon Overview and Level Annotations

Branches:
Dungeon (4/15)
 Temple: D:4-7

Altars:
Dithmenos
Qazlal
Vehumet

Annotations:
D:4 Dowan


Innate Abilities, Weirdness & Mutations

You can spit globs of acid.
Your golden yellow scales are hard. (AC +6)
You cannot fit into any form of body armour.
You are cold-blooded and may be slowed by cold attacks.
You are resistant to acid. (rCorr)


Message History

The rat disappears in a puff of smoke!
You feel your intelligence returning.
Your Unarmed Combat skill increases to level 6!
You have reached level 7!
Your scales start taking on a golden yellow colour.
You can spit globs of acid.
You feel resistant to acid.
Your transformation has ended.
Dowan closely misses your water moccasin.
Your water moccasin misses Dowan.
You swap places.
You feel a strong urge to attack something.
Dowan shakes with grief.
Dowan hits you but does no damage.
You barely miss Dowan.
Dowan is heavily wounded.
Dowan says, "Magic will overcome all!"
Dowan gestures at you while chanting. The shard of ice hits you!!
You die...

## #......# ##.
#.#!...# ..#
#.####.# .(
###.####.## #.
#.........###
#)###.....##....#
#.)ยง..........#.#
##.#.#....###.#.#
#S@_.....# .# #
###e###### #.#
.######.#####....#
..............# ##
#######)####..#
#.# .... #.# ####
#.# #.#


You could see Dowan (fast, very poisoned) and a friendly water moccasin.

Vanquished Creatures
  Eustachio (D:4)
  Duvessa (D:4)
  A centaur (D:2)
  Jessica (D:3)
  Natasha (thrice) (D:2)
  A worker ant (D:2)
  Robin (D:3)
  A gnoll (D:4)
  An adder (D:4)
  2 worms
  A dart slug (D:1)
  An orc (D:3)
  5 bats
  4 giant cockroaches
  19 goblins
  12 hobgoblins
  6 kobolds
  3 quokkas
  A ball python (D:1)
  6 frilled lizards
  7 rats
78 creatures vanquished.

Notes
Turn   | Place    | Note
-------+----------+-------------------------------------------
     0 | D:1      | DogServant the Draconian Transmuter began the quest for the
                  | Orb.
     0 | D:1      | Reached XP level 1. HP: 16/16 MP: 3/3
   173 | D:1      | Reached XP level 2. HP: 13/23 MP: 5/5
  1488 | D:2      | Reached XP level 3. HP: 27/28 MP: 4/6
  2156 | D:2      | Noticed a centaur
  2164 | D:2      | Killed a centaur
  2164 | D:2      | Reached skill level 4 in Unarmed Combat
  2164 | D:2      | Reached XP level 4. HP: 10/35 MP: 7/7
  2783 | D:2      | Found a shadowy altar of Dithmenos.
  2783 | D:2      | Found a stormy altar of Qazlal.
  2805 | D:3      | Noticed Natasha
  2810 | D:3      | Reached XP level 5. HP: 33/40 MP: 6/8
  2828 | D:2      | Killed Natasha
  3062 | D:2      | Noticed Natasha
  3082 | D:2      | Killed Natasha
  3082 | D:2      | Reached skill level 5 in Unarmed Combat
  3269 | D:3      | Noticed Jessica
  3285 | D:3      | Killed Jessica
  3526 | D:3      | Noticed Robin
  3732 | D:2      | Learned a level 2 spell: Sticks to Snakes
  3736 | D:2      | Learned a level 3 spell: Spider Form
  3794 | D:3      | Killed Robin
  3794 | D:3      | Reached XP level 6. HP: 42/47 MP: 7/9
  3838 | D:2      | Found a shadowy altar of Dithmenos.
  3838 | D:2      | Found a stormy altar of Qazlal.
  4073 | D:2      | Noticed Natasha
  4085 | D:2      | Killed Natasha
  4892 | D:4      | Found a radiant altar of Vehumet.
  4946 | D:4      | Noticed Eustachio
  4959 | D:4      | Noticed Duvessa
  4970 | D:4      | Killed Duvessa
  4970 | D:4      | Reached skill level 5 in Transmutations
  4972 | D:4      | Noticed Dowan
  4986 | D:4      | Killed Eustachio
  4986 | D:4      | Reached skill level 6 in Unarmed Combat
  4986 | D:4      | Your scales start taking on a golden yellow colour.
  4986 | D:4      | Reached XP level 7. HP: 17/52 MP: 2/10
  4986 | D:4      | Gained mutation: You are resistant to acid. (rCorr) [Yellow
                  | Draconian growth]
  4989 | D:4      | Killed from afar by Dowan

Illustrated notes

Levels and vault maps discovered:
D:1:      eino_arrival_cavern_a, layout_basic, minmay_stone_trees_small,
          solitary_fountain, dk_noncrumbling_2
D:2:      layout_loops_ring, gammafunk_temple_overflow_wave, first_ration
D:3:      layout_rooms, uniq_jessica, uniq_natasha, uniq_robin
D:4:      layout_loops_ring, lemuel_crystal_altar,
          eat_drink_and_be_merry_uskayaw, saegor_snake_ambush, uniq_duvessa,
          uniq_eustachio, uniq_edmund

Skill      XL: |  1  2  3  4  5  6 |
---------------+-------------------+-----
Transmutations | 3 4 5 |  5.6
Unarmed Combat | 4 5 6 |  6.1
Fighting       | |  1.1
Dodging        | |  1.7
Spellcasting   | |  2.0

Action                   |  1- 3 |  4- 6 |  7- 9 || total
-------------------------+-------+-------+-------++-------
Melee: Unarmed           |   144 |   132 |     1 ||   277
       Tailslap          |    15 |     9 |       ||    24
       Headbutt          |    12 |     5 |       ||    17
       Kick              |     5 |    10 |       ||    15
       Punch             |     1 |     4 |       ||     5
 Cast: Beastly Appendage |    24 |    16 |       ||    40
       Spider Form       |       |     3 |       ||     3
       Sticks to Snakes  |       |     3 |       ||     3
  Use: Potion            |       |     4 |       ||     4
       Scroll            |       |     2 |       ||     2
 Stab: Sleeping          |     2 |       |       ||     2
       Confused          |       |     1 |       ||     1
  Eat: Chunk             |     4 |     6 |       ||    10
       Ration            |       |     1 |       ||     1
Armor: Skin              |    32 |    28 |     1 ||    61
Dodge: Dodged            |    92 |   120 |       ||   212
